Map: Givre EC

Players

zidar

  • Race: Zerg Zerg
  • League: Gold
  • Spawn Location: 1:00

Pandaman - Winner!

  • Race: Terran Terran
  • League: Gold
  • Spawn Location: 5:00

VOD

Have the link to the VOD?

Description

Time

  • Played on: June 4, 2016, 10:05 a.m.
  • Length: 24:25
Show
View Real Time Build Order
Export as new Build Order

zidar Zerg 

Build Orders: Hatch First, Muta Ling Bane 

Get SALT Encoding   

  12  0:03  Drone  
  13  0:08  Drone  
  14  0:19  Overlord  
  14  0:23  Extractor  
  14  0:24  Drone  
  15  0:37  Drone x2  
  17  0:57  Hatchery  
  16  0:58  Drone  
  16  1:02  Extractor  
  16  1:03  Drone  
  17  1:21  Spawning Pool  
  17  1:22  Drone  
  17  1:27  Drone  
  18  1:36  Overlord  
  18  1:40  Drone  
  19  1:51  Drone  
  20  2:02  Drone  
  21  2:08  Queen  
  21  2:09  Queen  
  26  2:22  Drone  
  26  2:30  Metabolic Boost  
  26  2:33  Zergling x6  
  29  2:47  Pneumatized Carapace  
  28  3:12  Hatchery  
  27  3:14  Drone x2  
  27  3:16  Lair  
  27  3:17  Drone  
  30  3:36  Baneling Nest  
  29  3:47  Drone x7  
  36  4:19  Overlord x2  
  36  4:20  Overlord  
  36  4:23  Queen  
  38  4:27  Extractor  
  38  4:31  Extractor  
  36  4:32  Extractor  
  36  4:38  Queen  
  37  5:16  Spire  
  36  5:22  Drone x8  
  36  5:24  Drone x3  
  47  5:29  Drone x9  
  47  5:34  Zergling x4  
  58  5:38  Centrifical Hooks  
  57  5:54  Evolution Chamber  
  48  5:57  Evolution Chamber  
  48  6:04  Overseer  
  46  6:27  Drone x3  
  46  6:28  Drone x8  
  46  6:30  Baneling x3  
  57  6:33  Overlord  
  57  6:34  Overlord x2  
  57  6:54  Mutalisk x5  
  67  7:13  Zerg Ground Armor Level 1  
  67  7:15  Zerg Melee Weapons Level 1  
  67  7:17  Zergling x10  
  67  7:18  Zergling x8  
  67  7:20  Baneling x2  
  67  7:21  Baneling x2  
  76  7:30  Zerg Flyer Weapons Level 1  
  76  7:36  Drone x6  
  82  7:50  Overlord  
  82  7:51  Overlord x3  
  82  8:16  Extractor x2  
  80  8:21  Drone x8  
  82  8:34  Queen  
  75  8:52  Queen  
  75  9:06  Drone x9  
  75  9:09  Drone x9  
  93  9:17  Zerg Ground Armor Level 2  
  93  9:18  Zerg Melee Weapons Level 2  
  93  9:25  Infestation Pit  
  93  9:29  Hatchery  
  93  9:30  Queen  
  93  9:36  Zergling x4  
  93  9:37  Zergling x28  
  109  9:40  Baneling x3  
  109  9:41  Baneling x2  
  109  10:10  Hatchery  
  108  10:16  Baneling x4  
  108  10:17  Baneling x2  
  108  10:18  Baneling x3  
  108  10:21  Zergling x12  
  109  10:24  Overlord x2  
  109  10:25  Overlord x2  
  114  10:29  Hive  
  114  11:00  Zergling x32  
  114  11:03  Baneling x5  
  114  11:04  Baneling x6  
  130  11:05  Baneling x2  
  130  11:08  Corruptor  
  130  11:09  Corruptor x5  
  142  11:13  Zerg Flyer Weapons Level 2  
  142  11:45  Zerg Melee Weapons Level 3, Zerg Ground Armor Level 3  
  142  11:51  Ultralisk Cavern  
  141  11:55  Adrenal Glands  
  141  12:20  Overlord  
  141  12:21  Overlord x4  
  141  12:22  Overlord x2  
  138  12:37  Drone x2  
  138  12:38  Drone  
  141  12:53  Chitinous Plating  
  74  13:58  Ultralisk  
  74  13:59  Ultralisk  
  74  14:00  Ultralisk x2  
  74  14:01  Ultralisk x4  
  143  14:03  Corruptor x4  
  143  14:04  Corruptor x2  
  109  14:40  Extractor x2  
  107  14:54  Corruptor x3  
  107  14:55  Corruptor x2  
  107  14:57  Ultralisk  
  107  14:58  Ultralisk x4  
  147  15:33  Ultralisk  
  147  15:34  Ultralisk  
  101  16:40  Ultralisk  
  101  16:41  Ultralisk x3  
  123  17:19  Hatchery  
  122  18:24  Hatchery  
  106  19:45  Drone x3  
  109  19:59  Ultralisk x2  
  127  20:00  Ultralisk  
  127  20:20  Corruptor  
  127  20:21  Corruptor  
  131  20:52  Corruptor  
  131  20:53  Corruptor x3  
  139  21:03  Drone  
  139  21:04  Drone x8  
  135  22:04  Corruptor x2  
  138  22:22  Queen  
  52  23:25  Zergling x36  
Show
View Real Time Build Order
Export as new Build Order

Pandaman Terran - Winner!

Build Orders: Command Center First (CC) 

Get SALT Encoding   

  12  0:01  SCV  
  13  0:13  SCV  
  14  0:19  Supply Depot  
  14  0:25  SCV  
  15  0:40  SCV  
  16  0:52  SCV  
  17  1:03  Command Center  
  17  1:13  Barracks  
  17  1:17  SCV  
  18  1:23  Refinery  
  18  1:32  SCV  
  19  1:45  SCV  
  20  2:02  Supply Depot  
  20  2:04  SCV  
  20  2:07  Marine  
  22  2:14  Refinery  
  22  2:17  Orbital Command  
  22  2:19  Orbital Command  
  22  2:25  Marine  
  23  2:45  Factory  
  23  2:47  SCV  
  24  2:51  Barracks  
  24  2:54  Engineering Bay  
  24  2:59  SCV  
  25  3:09  SCV  
  26  3:20  Marine  
  26  3:21  SCV  
  26  3:22  Terran Infantry Weapons Level 1  
  28  3:27  SCV  
  28  3:32  Starport  
  31  3:37  Marine  
  31  3:39  SCV, Barracks Reactor  
  31  3:40  Widow Mine  
  33  3:45  Supply Depot  
  35  4:09  Widow Mine  
  35  4:13  Medivac  
  37  4:17  Barracks  
  37  4:20  Marine x2  
  37  4:24  Barracks Tech Lab  
  39  4:28  Supply Depot  
  39  4:29  SCV x2  
  41  4:38  Marine x2, Factory Tech Lab  
  42  4:41  SCV x2  
  44  5:05  Barracks  
  47  5:14  Siege Tank  
  47  5:21  Supply Depot  
  47  5:25  SCV x2  
  49  5:28  Barracks Tech Lab  
  49  5:30  Starport Reactor, Stimpack  
  49  5:33  Marine x3  
  52  5:37  SCV  
  53  5:43  Supply Depot x2  
  53  5:46  Siege Tank  
  56  5:51  Marine x3  
  59  6:08  Marine  
  59  6:09  Marine  
  61  6:11  SCV x2  
  61  6:14  Refinery x2  
  61  6:18  Supply Depot  
  63  6:24  Missile Turret  
  61  6:41  Supply Depot  
  61  6:45  Liberator x2  
  61  6:56  SCV  
  61  6:57  SCV  
  63  7:02  Armory  
  63  7:06  Marine  
  63  7:07  Marine x3  
  73  7:10  Barracks Reactor  
  73  7:13  SCV x2  
  75  7:24  Marine x2, Command Center  
  75  7:25  Marine x2  
  75  7:28  Liberator  
  79  7:37  Missile Turret  
  79  7:42  Marine x3  
  79  7:43  Marine, Combat Shield  
  83  7:45  Terran Infantry Armor Level 1  
  86  7:51  Engineering Bay  
  86  7:58  Missile Turret  
  86  8:08  Bunker  
  83  8:37  Liberator  
  83  8:38  Liberator  
  83  8:39  Supply Depot  
  83  8:45  Missile Turret, SCV x2  
  85  8:52  Terran Infantry Weapons Level 2, Terran Ship Weapons Level 1  
  88  8:57  SCV x2  
  88  9:00  Marine x3  
  88  9:01  Marine x3  
  96  9:09  SCV x2  
  98  9:11  Orbital Command  
  98  9:13  Refinery  
  98  9:15  Refinery  
  98  9:18  Marine x4  
  98  9:19  Marine x2  
  98  9:20  Liberator  
  98  9:21  SCV x2  
  106  9:33  SCV x2  
  106  9:36  Marine x5, SCV  
  106  9:37  Marine, Medivac  
  120  9:39  Missile Turret  
  120  9:45  SCV, Supply Depot  
  120  9:50  Liberator  
  121  9:53  Marine  
  121  9:54  Marine x3  
  125  10:00  Terran Infantry Armor Level 2  
  125  10:07  Marine x2, SCV  
  125  10:09  Supply Depot x2  
  125  10:11  Marine x2  
  133  10:17  Fusion Core  
  133  10:22  Starport  
  133  10:30  Marine x6  
  133  10:31  SCV x3, Supply Depot  
  133  10:32  Supply Depot  
  142  10:45  Missile Turret  
  142  10:48  Marine  
  143  10:54  Supply Depot  
  143  11:01  Starport Tech Lab  
  143  11:03  Command Center  
  143  11:05  Supply Depot  
  143  11:12  Liberator x2  
  143  11:14  Terran Infantry Weapons Level 3  
  143  11:16  Terran Ship Weapons Level 2  
  143  11:22  Missile Turret  
  143  11:27  Marine x6  
  143  11:29  Supply Depot  
  155  11:43  Missile Turret  
  155  11:44  Marine  
  155  11:45  Marine x5  
  161  12:02  Marine x2  
  161  12:03  Marine x4  
  161  12:05  Supply Depot  
  161  12:06  Advanced Ballistics  
  161  12:07  Missile Turret  
  167  12:12  Medivac x2  
  171  12:16  Orbital Command  
  171  12:17  Hi-Sec Auto Tracking  
  171  12:20  Marine x3  
  171  12:21  Marine x3  
  175  12:38  Missile Turret  
  175  12:42  Bunker, Medivac  
  177  12:44  Thor  
  177  12:50  Armory  
  183  12:59  Missile Turret  
  183  13:06  Refinery  
  183  13:17  Orbital Command  
  183  13:23  Missile Turret  
  183  13:25  Factory  
  183  13:27  Thor  
  183  13:28  Refinery  
  116  13:42  Marine x6  
  109  13:59  Marine x2  
  109  14:00  Marine x4  
  114  14:10  Factory  
  114  14:17  Marine x3  
  114  14:18  Marine x3  
  114  14:20  Liberator x2  
  120  14:26  Thor  
  126  14:35  Marine x4  
  126  14:36  Marine x2  
  138  14:53  Marine x5  
  138  14:54  Marine  
  144  15:03  Liberator x2  
  144  15:09  Thor  
  144  15:11  Marine x2  
  152  15:17  Marine x4  
  162  15:30  Marauder x2  
  162  15:35  Marine x4  
  170  15:46  Liberator  
  170  15:51  Marauder x2  
  170  15:52  Thor  
  170  15:53  Marine x3  
  142  16:12  Marauder  
  142  16:13  Marauder  
  116  16:21  Marine x2  
  116  16:22  Marine x2  
  112  16:27  Liberator  
  112  16:28  SCV  
  112  16:29  Liberator  
  110  16:33  Marine x2  
  110  16:34  Thor  
  110  16:39  Marine x3  
  115  16:40  Marine, SCV  
  124  16:49  Liberator  
  124  16:51  Marine, SCV  
  124  16:52  SCV x2  
  128  16:57  Terran Ship Weapons Level 3  
  128  16:58  Terran Vehicle Weapons Level 1  
  128  17:00  Terran Infantry Armor Level 3  
  131  17:09  Liberator  
  131  17:11  Liberator  
  131  17:17  Thor  
  143  17:32  Liberator  
  143  17:34  Factory Tech Lab  
  143  17:35  Factory Tech Lab  
  143  17:41  Marine  
  143  17:42  Marine x5  
  152  17:52  Liberator  
  152  17:54  Liberator  
  152  17:59  Marine x2  
  152  18:00  Marine x4, Missile Turret x2  
  152  18:01  Orbital Command  
  152  18:02  Refinery  
  152  18:03  Refinery  
  164  18:13  Thor  
  164  18:14  Liberator  
  164  18:17  Marine x3  
  164  18:18  Marine x3  
  164  18:35  Marine x4, Liberator  
  164  18:36  Marine x2  
  163  18:53  Marine x5  
  163  18:54  Marine  
  172  19:03  Liberator, Supply Depot  
  172  19:07  Liberator  
  172  19:11  Marine  
  173  19:18  Liberator  
  172  19:26  Supply Depot  
  172  19:46  Liberator  
  172  19:48  Marine x2  
  172  19:49  Marine x4  
  172  19:50  Supply Depot  
  178  19:54  Liberator  
  178  19:56  Terran Vehicle Weapons Level 2  
  178  19:58  Terran Vehicle And Ship Armor Level 1  
  178  20:01  Liberator  
  178  20:06  Marine x4  
  178  20:07  Marine x2  
  185  20:12  Supply Depot  
  190  20:17  Supply Depot  
  193  20:24  Marine x4  
  197  20:34  Marine x2, Supply Depot  
  199  20:39  Command Center  
  199  20:42  Marine, Supply Depot  
  200  21:05  Supply Depot  
  189  22:02  Orbital Command  
  189  22:05  Refinery  
  189  22:08  Refinery  
  189  22:41  Marine x5  
  189  22:42  Marine  
  155  22:59  Marine x6  
  161  23:06  Thor x3  
  157  23:16  Marine  
  157  23:17  Marine  
  145  23:20  Marine x4  
  149  23:29  SCV  
  149  23:30  SCV x3  
  153  23:34  Marine x2  
  153  23:38  Marine x4  
  159  23:42  SCV x4  
  163  23:52  Marine x2  
  163  23:54  SCV x3  
  189  23:55  Marine  
  189  23:56  Marine x3  
Tags
 
Add a new tag
Caveats
  • Supply blocks, unpowered buildings, or Contaminate may cause inaccurate times.
  • Supply counts are checked every 10 seconds.